 Dungeon Sprint DCSS version 0.29-a0-23-ga79f92ac9c (webtiles) character file.

Game seed: 8325420279697074277

158 enile the Skirmisher (level 5, -3/52 HPs)
             Began as a Minotaur Fighter on Jan 30, 2022.
             Killed from afar by a deep elf pyromancer (31 damage)
             ... with a bolt of fire
             ... in the Dungeon (Sprint III: "The Ten Rune Challenge").
             The game lasted 00:00:47 (873 turns).

enile the Skirmisher (Minotaur Fighter)              Turns: 873, Time: 00:00:47

Health: -3/52      AC:  7    Str: 23    XL:     5   Next: 16%
Magic:  4/4        EV:  9    Int:  5    God:
Gold:   0          SH:  5    Dex:  9    Spells: 4/4 levels left

rFire   . . .      SeeInvis .   a - +0 war axe
rCold   . . .      Faith    .   c - +0 buckler
rNeg    . . .      Spirit   .   b - +0 scale mail
rPois   .          Reflect  .   (helmet restricted)
rElec   .          Harm     .   (no cloak)
rCorr   .          Rampage  .   (no gloves)
Will    .....      NoTele   +   (no boots)
Stlth   ..........              (no amulet)
HPRegen 0.17/turn               (no ring)
MPRegen 0.09/turn               (no ring)

@: mighty
A: horns 2, retaliatory headbutt
a: no special abilities


You were in the Dungeon.
You visited 1 branch

Inventory:

Hand Weapons
 a - a +0 war axe (weapon)
Armour
 b - a +0 scale mail (worn)
 c - a +0 buckler (worn)
Scrolls
 j - a scroll of blinking
Potions
 f - a potion of heal wounds
 g - a potion of haste
 h - 2 potions of magic
 i - a potion of berserk rage


   Skills:
 + Level 7.2 Fighting
 + Level 6.6 Axes
 + Level 7.2 Armour
 + Level 7.2 Shields


You had 4 spell levels left.
You didn't know any spells.
Your spell library was empty.

Dungeon Overview and Level Annotations

Branches:
Dungeon (1/1)

Altars:
Elyvilon
Zin
The Shining One


Innate Abilities, Weirdness & Mutations

You have a pair of horns on your head.
You reflexively headbutt those who attack you in melee.


Message History

You block the water elemental's attack.
You slash the water elemental!
You destroy the water elemental!
You gasp with relief as air once again reaches your lungs.
Your Fighting skill increases to level 7!
Your Axes skill increases to level 6!
Your Armour skill increases to level 7!
Your Shields skill increases to level 7!
You have reached level 5!
Key pressed, stopping explore.
Key pressed, stopping explore.
Key pressed, stopping explore.
There is an open door to the Ecumenical Temple here.
You open the door.
Found three altars.
A deep elf pyromancer comes into view.
It is wielding a +2 long sword of holy wrath.
Found 2 potions of heal wounds.
There is an open door here.
A deep elf pyromancer is nearby!
A deep elf pyromancer is nearby!
You feel very mighty all of a sudden.
The deep elf pyromancer mumbles some strange words.
You slash the deep elf pyromancer!
Your headbutt misses the deep elf pyromancer.
The deep elf pyromancer is moderately wounded.
You block the deep elf pyromancer's attack.
You barely miss the deep elf pyromancer.
Your headbutt misses the deep elf pyromancer.
The deep elf pyromancer is moderately wounded.
You barely miss the fire elemental. The fire elemental barely misses you.
The deep elf pyromancer hits you with a +2 long sword of holy wrath.
The fire elemental hits you. The fire elemental burns you!
You slice the deep elf pyromancer!!
Your headbutt misses the deep elf pyromancer.
The deep elf pyromancer is almost dead.
You hit the fire elemental. The fire elemental hits you.
The fire elemental burns you!
The deep elf pyromancer gestures at you while chanting.
The bolt of fire hits you!!
Ouch! That really hurt!
You die...

▓▓▓▓▓ ▓▓▓ +.... ♣.#####
#..... ♣♣.#_°_# ##.....
♣..#!eE#
.#....≈♣♣♣♣♣.###@#+###+#
.#...≈≈..♣♣..#..........
[#..≈≈≈≈...♣.'.⌠........
)#..≈≈≈≈≈≈♣♣.#...######+
.#.≈≈≈≈≈≈....#.⌠.#
.#.≈≈≈≈≈.....#...#
.#.≈≈≈.......#+###
##...........#
.............#


You could see a deep elf pyromancer and a fire elemental (summoned).

Vanquished Creatures
  A water elemental (D)
  A scorpion (D)
  Jessica (D)
  A human (D)
  An endoplasm (D)
  2 rats (D)
7 creatures vanquished.

Notes
Turn   | Place    | Note
-------+----------+-------------------------------------------
     0 | D        | enile the Minotaur Fighter began the quest for the Orb.
     0 | D        | Reached XP level 1. HP: 19/19 MP: 0/0
    39 | D        | Noticed Jessica
    48 | D        | Killed Jessica
    49 | D        | Reached skill level 5 in Fighting
    49 | D        | Reached skill level 5 in Armour
    49 | D        | Reached skill level 5 in Shields
    49 | D        | Reached XP level 2. HP: 8/29 MP: 1/1
    49 | D        | Reached XP level 3. HP: 11/36 MP: 2/2
   436 | D        | Noticed a scorpion
   444 | D        | Killed a scorpion
   445 | D        | Reached skill level 5 in Axes
   445 | D        | Reached XP level 4. HP: 4/45 MP: 3/3
   681 | D        | Noticed a water elemental
   686 | D        | Killed a water elemental
   687 | D        | Reached XP level 5. HP: 22/52 MP: 4/4
   868 | D        | Found a glowing silver altar of Zin.
   868 | D        | Found a glowing golden altar of the Shining One.
   868 | D        | Found a white marble altar of Elyvilon.
   869 | D        | Noticed a deep elf pyromancer
   871 | D        | Noticed a fire elemental
   873 | D        | Killed from afar by a deep elf pyromancer

Illustrated notes

Levels and vault maps discovered:
D:        dungeon_sprint_mu [sprint_mu_entry_forest, sprint_mu_temple_rooms,
          sprint_mu_d1_horrors, sprint_mu_d2_genie, sprint_mu_d3_branching,
          sprint_mu_orc_legion, sprint_mu_elf_gauntlet, sprint_mu_hive_nellie,
          sprint_mu_lair_fedhas, sprint_mu_vaults_butterflies,
          sprint_mu_slime_circle, sprint_mu_shoals_archi,
          sprint_mu_snake_twists, sprint_mu_blade_basic, sprint_mu_crypt_lich,
          sprint_mu_tomb_spiral, sprint_mu_vestibule_basic,
          sprint_mu_gehenna_hellfire, sprint_mu_dis_giant,
          sprint_mu_tartarus_statrot, sprint_mu_cocytus_islands, sprint_mu_zot1]

Skill      XL: |  1  2  3  4 |
---------------+-------------+-----
Fighting       | 5 6 7 |  7.2
Armour         | 5 6 7 |  7.2
Shields        | 5 6 7 |  7.2
Axes           | 4 5 6 |  6.6

Action                   |  1- 3 |  4- 6 || total
-------------------------+-------+-------++-------
Melee: War axe           |    23 |     7 ||    30
       Headbutt          |     1 |     2 ||     3
  Use: Potion            |       |     2 ||     2
Armor: Scale mail        |     2 |     1 ||     3
Dodge: Dodged            |     8 |     2 ||    10
Block: Buckler           |     8 |     2 ||    10

Table legend: (Time is in decaauts)
 A = Elapsed time spent in this place.
 B = Non-inter-level travel time spent in this place.
 C = Inter-level travel time spent in this place.
 D = Time resting spent in this place.
 E = Time spent auto-exploring this place.
 F = Levels seen in this place.
 G = Mean time per level.
                   A        B        C        D        E       F      G
               +--------+--------+--------+--------+--------+-----+--------+
         Total |    888 |    888 |      0 |      0 |    824 |   1 |  888.0 |
       Dungeon |    888 |    888 |      0 |      0 |    824 |   1 |  888.0 |
               +--------+--------+--------+--------+--------+-----+--------+

Top non-repeatable levels by time:
       D: 888 daAuts
